 Dungeon Crawl Stone Soup version 0.24.1-1-gd1d2a07e1b (webtiles) character file.

Game seed: 10259368891922272139, levelgen mode: deterministic

60 Gabide the Covered (level 4, 0/35 HPs)
             Began as a Human Fighter on Apr 9, 2020.
             Was an Initiate of Elyvilon.
             Slain by a gnoll
             ... wielding a +0 flail
              (9 damage)
             ... on level 2 of the Dungeon.
             The game lasted 00:03:38 (1238 turns).

Gabide the Covered (Human Fighter)                  Turns: 1238, Time: 00:03:38

Health: 0/35       AC:  6    Str: 16    XL:     4   Next: 24%
Magic:  4/4        EV:  9    Int:  8    God:    Elyvilon [......]
Gold:   14         SH:  0    Dex: 14    Spells: 3/3 levels left

rFire    . . .     SeeInvis .   a - +0 war axe
rCold    . . .     Gourm    .   (no shield)
rNeg     . . .     Faith    .   b - +0 scale mail
rPois    .         Spirit   .   (no helmet)
rElec    .         Reflect  .   (no cloak)
rCorr    .         Harm     .   (no gloves)
MR       .....                  (no boots)
Stlth    ..........             (no amulet)
HPRegen  0.11/turn              (no ring)
MPRegen  0.09/turn              (no ring)

@: no status effects
A: no striking features
a: Renounce Religion


You were on level 2 of the Dungeon.
You worshipped Elyvilon.
Elyvilon was noncommittal.
You were not hungry.

You visited 1 branch of the dungeon, and saw 2 of its levels.

You collected 14 gold pieces.

Inventory:

Hand Weapons
 a - a +0 war axe (weapon)
 i - a +0 dagger of protection
Armour
 b - a +0 scale mail (worn)
 c - a +0 shield
Jewellery
 g - a cursed ring of teleportation {unknown}
Scrolls
 e - a scroll of fog {unknown}
 h - 2 scrolls of enchant armour {unknown}
 j - a scroll of teleportation {unknown}
 k - a scroll of remove curse {unknown}
Potions
 d - a potion of might
Comestibles
 f - 2 rations


   Skills:
 + Level 3.1 Fighting
 + Level 2.9 Axes
 + Level 3.5 Armour
 * Level 1.1 Dodging
 - Level 3.0 Shields
 * Level 1.1 Unarmed Combat


You had 3 spell levels left.
You didn't know any spells.
Your spell library was empty.

Dungeon Overview and Level Annotations

Branches:
Dungeon (2/15)

Altars:
Elyvilon


Message History

You are too injured to fight recklessly!
You are too injured to fight recklessly!
You are too injured to fight recklessly!
You are too injured to fight recklessly!
You are too injured to fight recklessly!
You are too injured to fight recklessly!
You are too injured to fight recklessly!
You are too injured to fight recklessly!
You are too injured to fight recklessly!
You are too injured to fight recklessly!
You are too injured to fight recklessly!
You are too injured to fight recklessly!
You barely miss the gnoll.
The gnoll is heavily wounded.
The gnoll hits you with a +0 flail.
* * * LOW HITPOINT WARNING * * *
You barely miss the gnoll.
The gnoll is heavily wounded.
The gnoll hits you with a +0 flail!
You die...

#### ...# #####
...########...#
...#........###
.###.####..## ###
.##.......## ..#
.#..####### #.# #..##
#.# ...# #@# ..## ###
###g### ..# ####.#
#..gK.# ###
#....###.....##### ###
#........._......#
..#####...####.....###.#
..........# #.....#
..##.#....# ###.###
..#..†....# #.#


You could see 2 gnolls and a kobold.

Vanquished Creatures
  2 gnolls (D:2)
  An ooze (D:2)
  A dart slug (D:1)
  A ball python (D:1)
  5 bats
  3 giant cockroaches (D:1)
  4 hobgoblins
  2 kobolds (D:1)
  6 frilled lizards
  5 goblins
  4 rats (D:1)
34 creatures vanquished.

Notes
Turn   | Place    | Note
-------+----------+-------------------------------------------
     0 | D:1      | Gabide the Human Fighter began the quest for the Orb.
     0 | D:1      | Reached XP level 1. HP: 18/18 MP: 1/1
   380 | D:1      | Reached XP level 2. HP: 21/24 MP: 2/2
   541 | D:1      | Reached skill level 1 in Unarmed Combat
   595 | D:1      | Reached XP level 3. HP: 29/29 MP: 3/3
  1201 | D:2      | Found a white marble altar of Elyvilon.
  1209 | D:2      | Became a worshipper of Elyvilon the Healer
  1232 | D:2      | Reached XP level 4. HP: 23/35 MP: 4/4
  1235 | D:2      | Reached skill level 1 in Dodging
  1238 | D:2      | Slain by a gnoll

Levels and vault maps discovered:
D:1:      nicolae_arrival_somewhat_less_tricky_arrival, layout_basic,
          minmay_domino_2
D:2:      layout_rooms, nicolae_overflow_crystal_walls, serial_forest,
          infiniplex_forest_lined_2, infiniplex_forest_clump_C,
          infiniplex_forest_pool, infiniplex_forest_end_1,
          infiniplex_forest_clump_tiny, infiniplex_forest_straight_2,
          infiniplex_forest_corner_1, infiniplex_forest_zigzag_2,
          infiniplex_forest_straight_2, kennysheep_generic_room_13

Skill      XL: |  1  2  3  4 |
---------------+-------------+-----
Unarmed Combat | 1 |  1.1
Dodging        | 1 |  1.1
Fighting       | |  3.1
Axes           | |  2.9
Armour         | |  3.5
Shields        | |  3.0

Action                   |  1- 3 |  4- 6 || total
-------------------------+-------+-------++-------
Melee: War axe           |    97 |     6 ||   103
       Punch             |     1 |       ||     1
  Eat: Chunk             |     1 |       ||     1
Armor: Scale mail        |    58 |     2 ||    60
Dodge: Dodged            |    61 |     1 ||    62
